 Dungeon Crawl Stone Soup version 0.31-a0-981-geadf994542 (webtiles) character file.

Game seed: 13866463306026750669

94 lunkers the Insei (level 4, -4/34 HPs)
             Began as a Demigod Shapeshifter on Nov 1, 2023.
             Slain by a gnoll
             ... wielding a +0 hand axe
              (8 damage)
             ... on level 3 of the Dungeon.
             The game lasted 00:01:15 (1772 turns).

lunkers the Insei (Demigod Shapeshifter)            Turns: 1772, Time: 00:01:16

Health: -4/34      AC:  5    Str: 15    XL:     4   Next: 16%
Magic:  6/6        EV: 11    Int: 12    God:
Gold:   62         SH:  0    Dex: 17    Spells: 3/3 levels left

rFire   . .          .
                       - Unarmed
rCold   . . .        (no shield)
rNeg    . . .        f - +0 ring mail
rPois   .            (helmet currently unavailable)
rElec   .            (cloak currently unavailable)
rCorr   .            (gloves currently unavailable)
SInv    .            (boots currently unavailable)
Will    .....        (no amulet)
Stlth   +            (no ring)
HPRegen 0.25/turn    (no ring)
MPRegen 0.10/turn

%: no passive effects
@: beast-form
A: beast (slay +1), high MP 1, forlorn, divine attributes
a: Begin Untransformation


You were on level 3 of the Dungeon.
You were a hulking beast.
You visited 1 branch of the dungeon, and saw 3 of its levels.

You collected 62 gold pieces.

Inventory:

Armour
 a - a +0 animal skin
 f - a +0 ring mail (worn)
Talismans
 c - a beast talisman
 d - a flux talisman
Scrolls
 e - a scroll of fog {unknown}
 g - a scroll of silence {unknown}
 h - a scroll of teleportation {unknown}
 i - a scroll of noise {unknown}
 j - 2 scrolls of identify {unknown}
 l - a scroll of fear {unknown}
Potions
 b - a potion of lignification
 k - 2 potions of brilliance {unknown}
 m - a potion of haste {unknown}


   Skills:
 - Level 0.8 Fighting
 - Level 1.7 Dodging
 * Level 4.2 Unarmed Combat
 + Level 3.3 Shapeshifting


You had 3 spell levels left.
You didn't know any spells.
Your spell library contained the following spells:

 Spells                   Type           Power      Damage    Failure   Level
 Blink                    Tloc           0%         N/A       69%         2
 Manifold Assault         Tloc           0%         N/A       100%        4


Dungeon Overview and Level Annotations

Branches:
Dungeon (3/15)


Innate Abilities, Weirdness & Mutations

You are a hulking beast.
Your limbs bulge with bestial killing power. (Slay +1)
You have an increased reservoir of magic. (+10% MP)
You shall have no god before yourself.
Your divine heritage dramatically boosts your attributes as you level up.


Message History

The gnoll barely misses you.
Items here: )) ††.
You hit the gnoll. You punch the gnoll.
The gnoll is almost dead.
The gnoll barely misses you.
You hit the gnoll.
You kill the gnoll!
You hit the goblin.
The goblin is moderately wounded.
The goblin hits you but does no damage.
A hobgoblin comes into view.
The hobgoblin shouts!
You hit the goblin.
You kill the goblin!
The gnoll hits you with a +0 hand axe.
* * * LOW HITPOINT WARNING * * *
Things that are here:
a +0 club; a +0 spear; a goblin corpse You hit the gnoll.
The gnoll is heavily wounded.
The gnoll hits you with a +0 hand axe.
* * * LOW HITPOINT WARNING * * *
You barely miss the gnoll.
The gnoll is heavily wounded.
The gnoll hits you but does no damage.
You hit the gnoll.
The gnoll is severely wounded.
The gnoll hits you but does no damage.
You hit the gnoll.
The gnoll is almost dead.
The gnoll hits you with a +0 hand axe.
* * * LOW HITPOINT WARNING * * *
You hit the gnoll but do no damage.
The gnoll is almost dead.
The gnoll hits you with a +0 hand axe.
* * * LOW HITPOINT WARNING * * *
You hit the gnoll but do no damage.
The gnoll is almost dead.
The gnoll hits you with a +0 hand axe!
You die...

#.# # #.# # #.# #
#######.#########
................. #
######.#.####.##
#.. #.#.# #.##
.....##########.#.#
#.##
#..g{gh)).....#.#
#.##
#.....###########.#
#.## #.#.g #.# #.#
... #.# #.# ... #.#
#.# #. #.# #.## #
#.# #... #.# ####
#.#


You could see a gnoll and a hobgoblin.

Vanquished Creatures
  3 gnolls (D:3)
  2 adders (D:2)
  2 worms (D:2)
  A dart slug (D:3)
  2 orcs (D:3)
  2 bats
  2 endoplasms (D:1)
  2 goblins
  8 hobgoblins
  A quokka (D:2)
  5 ball pythons
  4 kobolds
  A rat (D:2)
35 creatures vanquished.

Notes
Turn   | Place    | Note
-------+----------+-------------------------------------------
     0 | D:1      | lunkers the Demigod Shapeshifter began the quest for the
                  | Orb.
     0 | D:1      | Reached XP level 1. HP: 15/15 MP: 3/3
   238 | D:1      | Reached skill level 3 in Unarmed Combat
   309 | D:2      | Reached XP level 2. HP: 19/22 MP: 4/4
   447 | D:2      | Reached XP level 3. HP: 13/27 MP: 5/5
  1744 | D:3      | Reached skill level 4 in Unarmed Combat
  1759 | D:3      | Reached XP level 4. HP: 14/34 MP: 6/6
  1772 | D:3      | Slain by a gnoll

Illustrated notes

Levels and vault maps discovered:
D:1:      dpeg_arrival_snail, layout_basic
D:2:      layout_loops_ring
D:3:      layout_loops_ring

Skill      XL: |  1  2  3 |
---------------+----------+-----
Unarmed Combat | 3 4 |  4.2
Shapeshifting  | 3 |  3.3
Fighting       | |  0.8
Dodging        | |  1.7

Action                     |  1- 3 |  4- 6 || total
---------------------------+-------+-------++-------
  Melee: Unarmed           |   118 |    12 ||   130
         Punch             |     5 |     2 ||     7
   Stab: Sleeping          |     1 |       ||     1
 Armour: Ring mail         |    54 |     9 ||    63
         Animal skin       |     2 |       ||     2
  Dodge: Dodged            |    56 |     3 ||    59

Table legend: (Time is in decaauts)
 A = Elapsed time spent in this place.
 B = Non-inter-level travel time spent in this place.
 C = Inter-level travel time spent in this place.
 D = Time resting spent in this place.
 E = Time spent auto-exploring this place.
 F = Levels seen in this place.
 G = Mean time per level.
                   A        B        C        D        E       F      G
               +--------+--------+--------+--------+--------+-----+--------+
         Total |   1764 |   1633 |    131 |      0 |   1376 |   3 |  588.0 |
       Dungeon |   1764 |   1633 |    131 |      0 |   1376 |   3 |  588.0 |
               +--------+--------+--------+--------+--------+-----+--------+

Top non-repeatable levels by time:
     D:1: 829 daAuts
     D:2: 827 daAuts
     D:3: 107 daAuts
